 Dungeon Crawl Stone Soup version 0.21.0-24-g2553a3340b (webtiles) character file.

44 GuyWithAPlan the Vexing (level 3, -2/27 HPs)
             Began as a Formicid Arcane Marksman on Jan 20, 2018.
             Killed from afar by Sigmund (11 damage)
             ... with a magic dart
             ... on level 2 of the Dungeon.
             The game lasted 00:04:38 (1614 turns).

GuyWithAPlan the Vexing (Formicid Arcane Marksman)  Turns: 1614, Time: 00:04:38

Health: -2/27      AC:  2    Str: 14    XL:     3   Next: 85%
Magic:  3/4        EV: 12    Int: 12    God:
Gold:   92         SH:  0    Dex: 12    Spells: 3/4 levels left

rFire    . . .     SeeInvis +   a - +0 hand crossbow
rCold    . . .     Gourm    .   (no shield)
rNeg     . . .     Faith    .   e - +0 robe
rPois    .         Spirit   .   (helmet unavailable)
rElec    .         Reflect  .   (no cloak)
rCorr    .         Harm     .   (no gloves)
MR       .....                  (no boots)
Stlth    +.........             (no amulet)
HPRegen  0.09/turn              (no ring)
MPRegen  0.09/turn              (no ring)

@: no status effects
A: permanent stasis, dig shafts and tunnels, four strong arms, antennae 3
a: Dig, Shaft Self


You were on level 2 of the Dungeon.
You were hungry.

You visited 1 branch of the dungeon, and saw 2 of its levels.

You collected 92 gold pieces.

Inventory:

Hand Weapons
 a - a +0 hand crossbow (weapon)
 g - a +1 dagger of protection
Missiles
 d - 25 bolts (quivered)
Armour
 e - a +0 robe (worn)
Scrolls
 h - 2 scrolls of fog {unknown}
 k - 2 scrolls of teleportation
 n - a scroll of magic mapping
Potions
 b - a potion of degeneration
 i - 2 potions of heal wounds
 l - a potion of mutation
 m - a potion of haste
 o - a potion of lignification {unknown}
Books
 c - a book of Debilitation

   Spells                             Type                      Level
   a - Corona                         Hexes                        1
   b - Slow                           Hexes                        2
   c - Inner Flame                    Hexes/Fire                   3
   d - Portal Projectile              Hexes/Translocation          3
   e - Cause Fear                     Hexes                        4
   f - Leda's Liquefaction            Hexes/Earth                  4
Comestibles
 f - 5 rations


   Skills:
 + Level 2.2 Fighting
 - Level 0.5 Short Blades
 - Level 2.3 Crossbows
 - Level 2.2 Dodging
 - Level 1.1 Spellcasting
 - Level 4.1 Hexes


You had 3 spell levels left.
You knew the following spells:

 Your Spells              Type           Power        Failure   Level  Hunger
a - Corona                Hex            ##.....      5%          1    ##.....


Dungeon Overview and Level Annotations

Branches:
Dungeon (2/15)

Altars:
Fedhas

Annotations:
D:2 Sigmund


Innate Abilities, Weirdness & Mutations

You cannot be hasted, slowed, berserked, paralysed or teleported.
You can dig through walls and to a lower floor.
Your four strong arms can wield two-handed weapons with a shield.
You have a pair of large antennae on your head. (SInv)


Message History

Sigmund gestures at you while chanting. You resist with some effort.
Firing (i - inventory):
d - 28 bolts (quivered)
Press: ? - help, Shift-Dir - straight line, f/p - Sigmund
Aim: Sigmund, wielding a scythe and wearing a robe (heavily wounded, slightly transparent)
You shoot a bolt. The bolt hits Sigmund!
Sigmund is severely wounded.
Sigmund drinks a potion.
Sigmund is healed!
Firing (i - inventory):
d - 27 bolts (quivered)
Press: ? - help, Shift-Dir - straight line, f/p - Sigmund
Aim: Sigmund, wielding a scythe and wearing a robe (heavily wounded, slightly transparent)
You shoot a bolt. The bolt closely misses Sigmund.
Sigmund hits you but does no damage.
Firing (i - inventory):
d - 26 bolts (quivered)
Press: ? - help, Shift-Dir - straight line, f/p - Sigmund
Aim: Sigmund, wielding a scythe and wearing a robe (heavily wounded, slightly transparent)
You shoot a bolt. The bolt closely misses Sigmund.
Sigmund points at you and mumbles some strange words.
The magic dart hits you!
You die...

# . . #### ####...
#..########..... .....#
#).....((..# .####
#####.@(#### ....#
#####.#.((# #.#...#
##...@.###...#
#.###.######..##### ##.!..
....#..........############
....#######.##..........
............############
....######### #####


You could see Sigmund (invisible).

Vanquished Creatures
  3 dart slugs
  2 leopard geckos
  4 bats
  A giant cockroach (D:1)
  3 goblins
  3 hobgoblins
  5 jackals (D:1)
  A quokka (D:2)
  A frilled lizard (D:2)
  5 kobolds
  4 rats (D:1)
32 creatures vanquished.

Notes
Turn   | Place    | Note
-------+----------+-------------------------------------------
     0 | D:1      | GuyWithAPlan the Formicid Arcane Marksman began the quest for the Orb.
     0 | D:1      | Reached XP level 1. HP: 15/15 MP: 2/2
   206 | D:1      | Reached XP level 2. HP: 10/21 MP: 3/3
   562 | D:1      | Reached skill level 4 in Hexes
   602 | D:1      | Reached XP level 3. HP: 23/26 MP: 4/4
  1219 | D:2      | Found a blossoming altar of Fedhas.
  1556 | D:2      | Noticed Sigmund
  1614 | D:2      | Killed from afar by Sigmund

Skill      XL: |  1  2  3 |
---------------+----------+-----
Dodging        | 2 |  2.2
Hexes          | 4 |  4.1
Fighting       | 2 |  2.2
Short Blades   | |  0.5
Crossbows      | |  2.3
Spellcasting   | |  1.1

Action                   || total
-------------------------++-------
Melee: Dagger            ||   167
 Fire: Hand crossbow     ||    16
 Cast: Corona            ||     2
  Use: Scroll            ||     6
 Stab: Sleeping          ||     1
  Eat: Chunk             ||     2
Armor: Robe              ||    48
Dodge: Dodged            ||   119
